 Dungeon Crawl Stone Soup version 0.25-a0-290-g4a1327ee3a (webtiles) character file.

Game seed: 18232785157666657251, levelgen mode: deterministic

158 night the Vexing (level 5, -1/37 HPs)
             Began as a Vampire Enchanter on Dec 14, 2019.
             Killed by nerve-wracking pain
             ... invoked by an orc priest
              (6 damage)
             ... on level 3 of the Dungeon.
             The game lasted 00:09:43 (2531 turns).

night the Vexing (Vampire Enchanter)                Turns: 2531, Time: 00:09:43

Health: -1/37      AC:  4    Str:  7    XL:     5   Next: 16%
Magic:  1/9        EV: 12    Int: 19    God:
Gold:   155        SH:  0    Dex: 14    Spells: 4/10 levels left

rFire    . . .     SeeInvis +   a - +1 dagger
rCold    . . .     Gourm    .   (no shield)
rNeg     . . .     Faith    .   b - +0 robe
rPois    .         Spirit   .   d - +0 helmet
rElec    .         Reflect  .   (no cloak)
rCorr    .         Harm     .   (no gloves)
MR       .....                  m - +0 pair of boots (curse)
Stlth    +++.......             (no amulet)
HPRegen  0.32/turn              (no ring)
MPRegen  0.11/turn              (no ring)

@: regenerating quickly
A: no food, fangs 3, see invisible, unbreathing
a: Exsanguinate


You were on level 3 of the Dungeon.
You were alive.

You visited 1 branch of the dungeon, and saw 3 of its levels.

You collected 155 gold pieces.

Inventory:

Hand Weapons
 a - a +1 dagger (weapon)
Missiles
 g - 7 poisoned darts (quivered)
Armour
 b - a +0 robe (worn)
 d - a +0 helmet (worn)
 m - a cursed +0 pair of boots (worn)
Jewellery
 h - a cursed -2 ring of strength {unknown}
Scrolls
 c - 3 scrolls of identify {unknown}
 e - 3 scrolls of magic mapping {unknown}
 f - a scroll of blinking {unknown}
 i - a scroll of teleportation {unknown}
 j - 4 scrolls of remove curse {unknown}
 k - 2 scrolls of fog {unknown}
 l - 2 scrolls of enchant weapon {unknown}
 n - a scroll of random uselessness {unknown}
 o - a scroll of enchant armour {unknown}


   Skills:
 + Level 1.2 Fighting
 - Level 1.1 Short Blades
 - Level 2.1 Dodging
 - Level 4.4 Stealth
 + Level 3.2 Spellcasting
 + Level 7.0 Hexes


You had 4 spell levels left.
You knew the following spells:

 Your Spells              Type           Power        Failure   Level  Hunger
a - Corona                Hex            ####...      1%          1    N/A
b - Ensorcelled Hibernat  Hex/Ice        ###...       5%          2    N/A
c - Confuse               Hex            ####....     2%          3    N/A

Your spell library contained the following spells:

 Spells                   Type           Power        Failure   Level  Hunger
 Tukima's Dance           Hex            ####....     2%          3    N/A
 Dazzling Flash           Conj/Hex       ###...       11%         3    N/A

Dungeon Overview and Level Annotations

Branches:
Dungeon (3/15)

Altars:
Xom


Innate Abilities, Weirdness & Mutations

You do not eat.
Your natural rate of healing is unusually fast.
You have razor-sharp teeth.
You have supernaturally acute eyesight. (SInv)
You can survive without breathing.


Message History

The orc priest closely misses you.
Casting: Ensorcelled Hibernation (safe; 5% risk of failure)
Confirm with . or Enter, or press ? or * to list all spells.
Aiming: Corona (safe; 1% risk of failure)
Press: ? - help, Shift-Dir - straight line, f/p - orc priest
Aim: an orc priest, wearing a +0 scale mail (moderately wounded, chance to defeat MR: 69%)
The orc priest barely resists.
The orc priest hits you but does no damage.
You hit the orc priest but do no damage.
The orc priest is moderately wounded.
The orc priest hits you.
* * * LOW HITPOINT WARNING * * *
You closely miss the orc priest. Your bite misses the orc priest.
The orc priest is moderately wounded.
The orc priest hits you.
* * * LOW HITPOINT WARNING * * *
It was a potion of cancellation.
You feel magically purged.
The orc priest calls down the wrath of Beogh upon you.
Pain shoots through your body!
You die...

#+# #.#### ##
#.##.## .#
##.#.#.###
.###...###..#
o.....## ##.#
.###...###..# #
.#
#.[#.#.#.######.#
##
#^.##....o..o@..#
#..#####.########
#........#
##.####### # #.#
#####.######
##.........#
##.#######.######
##.# #......#


You could see an orc priest and an orc.

Vanquished Creatures
  An orc priest (D:3)
  5 adders
  A worm (D:2)
  4 dart slugs
  A leopard gecko (D:2)
  5 orcs (D:3)
  2 ball pythons
  7 bats
  5 giant cockroaches
  4 goblins (D:2)
  6 hobgoblins
  6 jackals
  8 kobolds
  5 frilled lizards
  8 rats
68 creatures vanquished.

Notes
Turn   | Place    | Note
-------+----------+-------------------------------------------
     0 | D:1      | night the Vampire Enchanter began the quest for the Orb.
     0 | D:1      | Reached XP level 1. HP: 13/13 MP: 3/3
   139 | D:1      | Reached skill level 5 in Hexes
   157 | D:1      | Reached XP level 2. HP: 17/19 MP: 5/5
   165 | D:1      | Learned a level 2 spell: Ensorcelled Hibernation
   848 | D:2      | Reached XP level 3. HP: 18/24 MP: 0/6
   954 | D:2      | Found a shimmering altar of Xom.
   973 | D:2      | Reached skill level 6 in Hexes
  1275 | D:2      | Reached XP level 4. HP: 26/30 MP: 3/8
  1533 | D:2      | Learned a level 3 spell: Confuse
  2343 | D:3      | Reached skill level 1 in Fighting
  2343 | D:3      | Reached skill level 7 in Hexes
  2343 | D:3      | Reached XP level 5. HP: 21/37 MP: 0/9
  2531 | D:3      | Killed from afar by an orc priest

Levels and vault maps discovered:
D:1:      dpeg_arrival_rooms_b, layout_rooms
D:2:      minmay_spotlight, layout_basic, first_ration, tgw_xom
D:3:      layout_loops_corners, uniq_jessica

Skill      XL: |  1  2  3  4 |
---------------+-------------+-----
Hexes          | 5 6 7 |  7.0
Spellcasting   | 3 |  3.2
Fighting       | 1 |  1.2
Short Blades   | |  1.1
Dodging        | |  2.1
Stealth        | |  4.4

Action                   |  1- 3 |  4- 6 || total
-------------------------+-------+-------++-------
Melee: Dagger            |    96 |   105 ||   201
       Bite              |     3 |     3 ||     6
Throw: Dart              |       |     9 ||     9
 Cast: Corona            |     4 |     1 ||     5
       Ensorcelled Hiber |    24 |    36 ||    60
       Confuse           |       |     2 ||     2
  Use: Potion            |       |     1 ||     1
 Stab: Sleeping          |    23 |    17 ||    40
Armor: Robe              |    13 |    21 ||    34
Dodge: Dodged            |    55 |    78 ||   133

Table legend:
 A = Non-vault XP
 B = Vault XP
 C = Vault XP percentage of total XP
 D = Non-vault monster count
 E = Vault monster count
 F = Vault count percentage of total count
                 A         B        C        D         E       F
            +---------+---------+-------+---------+---------+-------
      Total |     191 |      36 |  15.9 |      57 |      11 |  16.2
            +---------+---------+-------+---------+---------+-------
        D:1 |      29 |       0 |   0.0 |      19 |       0 |   0.0
        D:2 |      64 |      36 |  36.0 |      24 |      11 |  31.4
        D:3 |      98 |       0 |   0.0 |      14 |       0 |   0.0
            +---------+---------+-------+---------+---------+-------
